 Dungeon Crawl Stone Soup version 0.27-a0-531-gb72ec1a1b6 (webtiles) character file.

Game seed: 8903896859712870591

9 Drazool the Cudgeller (level 2, 29/29 HPs)
             Began as a Troll Berserker on Mar 5, 2021.
             Was a Follower of Trog.
             Quit the game on level 1 of the Dungeon.
             The game lasted 00:01:00 (127 turns).

Drazool the Cudgeller (Troll Berserker)              Turns: 127, Time: 00:01:01

Health: 29/29      AC:  4    Str: 24    XL:     2   Next: 3%
Magic:  1/1        EV: 10    Int:  3    God:    Trog [*.....]
Gold:   9          SH:  0    Dex:  9    Spells: 1/1 levels left

rFire    . . .     SeeInvis .     - Unarmed
rCold    . . .     Faith    .   (no shield)
rNeg     . . .     Spirit   .   b - +0 animal skin
rPois    .         Reflect  .   (helmet restricted)
rElec    .         Harm     .   (no cloak)
rCorr    .         Rampage  .   (gloves unavailable)
Will     .....                  (boots unavailable)
Stlth    +.........             (no amulet)
HPRegen  1.09/turn              (no ring)
MPRegen  0.07/turn              (no ring)

@: no status effects
A: large, unfitting armour, claws 3, regeneration 1, shaggy fur 1, tough skin 1
a: Renounce Religion, Berserk


You were on level 1 of the Dungeon.
You worshipped Trog.
Trog was aware of your devotion.
You visited 1 branch of the dungeon, and saw 1 of its levels.

You collected 9 gold pieces.

Inventory:

Hand Weapons
 a - a +0 mace
Armour
 b - a +0 animal skin (worn)
Scrolls
 e - a scroll of amnesia {unknown}
Potions
 c - a potion of berserk rage {unknown}
 d - a potion of flight {unknown}


   Skills:
 + Level 2.5 Fighting
 + Level 2.8 Maces & Flails
 + Level 2.5 Dodging
 * Level 1.0 Unarmed Combat


You had one spell level left.
You didn't know any spells.
Your spell library was empty.

Dungeon Overview and Level Annotations

Branches:
Dungeon (1/15)

Altars:


Innate Abilities, Weirdness & Mutations

You are too large for most types of armour.
You have claws for hands.
Your natural rate of healing is unusually fast.
You are covered in fur. (AC +1)
You have tough skin. (AC +1)


Message History

The hobgoblin is severely wounded.
The hobgoblin hits you but does no damage.
You claw the hobgoblin!
You kill the hobgoblin!
Trog accepts your kill.
No target in view!
A frilled lizard comes into view.
The frilled lizard hisses angrily.
You see here a coppery potion.
d - a coppery potion The frilled lizard barely misses you.
Found a stone staircase leading down.
You claw the frilled lizard!
You kill the frilled lizard!
Trog accepts your kill.
You have reached level 2!
e - a scroll labelled OZENEOLLAG
Found a pair of glowing boots.
Found a leather armour.
You see here a +2 pair of boots.
A bat comes into view.
You scratch the bat but do no damage. The bat barely misses you.
The bat hits you but does no damage. The bat closely misses you.
You closely miss the bat. The bat hits you but does no damage.
The bat barely misses you. The bat hits you but does no damage.
You miss the bat. The bat hits you but does no damage. x2
The bat closely misses you. The bat hits you but does no damage.
The bat hits you but does no damage.
You barely miss the bat. The bat completely misses you. The bat hits you.
The bat hits you but does no damage.
You closely miss the bat. The bat barely misses you.
You claw the bat!
You kill the bat!
Trog accepts your kill.
Your Unarmed Combat skill increases to level 1!
No target in view!
Found a hand axe.
Are you sure you want to abandon this character and quit the game? (Confirm with "yes".)

...# ...# †..# ...#
######## .#######
#....†.#
.......####......#######
........................
......................#
.........[#.....@.....#
..#####[#.#.............
...#....#.#.............
...#.####.###+##....#...
...#.####.# #.#+##..)
...#.#....# #.. .
...#.#.#### # #..
..†#.#...# .# ...
##.....#.##.#


There were no monsters in sight!

Vanquished Creatures
  A hobgoblin (D:1)
  3 jackals (D:1)
  A kobold (D:1)
  A bat (D:1)
  2 frilled lizards (D:1)
8 creatures vanquished.

Notes
Turn   | Place    | Note
-------+----------+-------------------------------------------
     0 | D:1      | Drazool the Troll Berserker began the quest for the Orb.
     0 | D:1      | Reached XP level 1. HP: 22/22 MP: 0/0
    70 | D:1      | Reached XP level 2. HP: 29/29 MP: 1/1
   124 | D:1      | Reached skill level 1 in Unarmed Combat
   127 | D:1      | Quit the game

Illustrated notes

Levels and vault maps discovered:
D:1:      psy_arrival_conway, layout_basic

Skill      XL: |  1  2 |
---------------+-------+-----
Unarmed Combat | 1 |  1.0
Fighting       | |  2.5
Maces & Flails | |  2.8
Dodging        | |  2.5

Action                   || total
-------------------------++-------
Melee: Unarmed           ||    31
Armor: Animal skin       ||    17
Dodge: Dodged            ||    16

Table legend: (Time is in decaauts)
 A = Elapsed time spent in this place.
 B = Non-inter-level travel time spent in this place.
 C = Inter-level travel time spent in this place.
 D = Time resting spent in this place.
 E = Time spent auto-exploring this place.
 F = Levels seen in this place.
 G = Mean time per level.
                   A        B        C        D        E       F      G
               +--------+--------+--------+--------+--------+-----+--------+
         Total |    127 |    127 |      0 |      0 |     67 |   1 |  127.0 |
       Dungeon |    127 |    127 |      0 |      0 |     67 |   1 |  127.0 |
               +--------+--------+--------+--------+--------+-----+--------+

Top non-repeatable levels by time:
     D:1: 127 daAuts
